 Dungeon Crawl Stone Soup version 0.30.1 (webtiles) character file.

Game seed: 1801598775721140925

76 Sabo the Chopper (level 4, -1/37 HPs)
             Began as a Demonspawn Monk on July 1, 2023.
             Slain by Crazy Yiuf
             ... wielding a +3 quarterstaff of chaos
              (6 damage)
             ... on level 2 of the Dungeon.
             The game lasted 00:08:56 (2367 turns).

Sabo the Chopper (Demonspawn Monk)                  Turns: 2367, Time: 00:08:56

Health: -1/37      AC:  9    Str: 13    XL:     4   Next: 12%
Magic:  0/4        EV:  7    Int: 12    God:
Gold:   158        SH:  0    Dex: 15    Spells: 3/3 levels left

rFire   . . .        n - +0 war axe
rCold   . . .        d - orb {light}
rNeg    . . .        l - +0 chain mail
rPois   .            (helmet restricted)
rElec   .            q - +0 cloak
rCorr   .            (no gloves)
SInv    .            (no boots)
Will    .....        r - amulet of regeneration Stlth
                     (no ring)
HPRegen 1.06/turn    (no ring)
MPRegen 0.09/turn

%: no passive effects
@: glowing
A: antennae 1
a: no special abilities


You were on level 2 of the Dungeon.
You visited 1 branch of the dungeon, and saw 2 of its levels.

You collected 158 gold pieces.

Inventory:

Hand Weapons
 e - a +2 dagger of venom
 n - a +0 war axe (weapon)
Armour
 d - an orb of light (worn)
 l - a +0 chain mail (worn)
 q - a +0 cloak (worn)
Jewellery
 r - an amulet of regeneration (around neck)
Wands
 s - a wand of polymorph (5)
Scrolls
 f - a scroll of identify {unknown}
 g - a scroll of enchant armour {unknown}
 i - a scroll of blinking {unknown}
 j - a scroll of magic mapping {unknown}
Potions
 a - a potion of haste {unknown}
 b - a potion of heal wounds {unknown}
 c - a potion of ambrosia
 h - a potion of attraction {unknown}
 k - a potion of resistance {unknown}
 m - a potion of curing {unknown}
 o - a potion of berserk rage {unknown}
 p - a potion of invisibility {unknown}


   Skills:
 + Level 3.6 Fighting
 + Level 3.6 Axes
 + Level 0.4 Armour
 + Level 3.1 Dodging


You had 3 spell levels left.
You didn't know any spells.
Your spell library contained the following spells:

 Spells                   Type           Power      Damage    Failure   Level
 Portal Projectile        Hex/Tloc       0%         N/A       100%        3
 Tukima's Dance           Hex            0%         N/A       100%        3
 Blade Hands              Tmut           0%         N/A       100%        5


Dungeon Overview and Level Annotations

Branches:
Dungeon (2/15)

Altars:

Shops:
D:1 *

Annotations:
D:2 Crazy Yiuf


Innate Abilities, Weirdness & Mutations

You have a pair of small antennae on your head.


Message History

The adder barely misses you. The adder bites you but does no damage.
You hit the adder.
The adder is heavily wounded.
The adder bites you.
You closely miss the adder.
The adder is heavily wounded.
The adder bites you but does no damage. The adder bites you.
You hit the adder.
The adder is almost dead.
The adder bites you but does no damage. x2
You slash the adder!
You kill the adder!
You have reached level 4!
You feel clever.
You start resting.
HP restored.
You see here an adder corpse.
Found a stone staircase leading down.
There is a stone staircase leading down here.
There is an open door here.
You open the door.
There is an open door here.
You see here a +0 club.
Crazy Yiuf laughs, "Cards!
Action toodlewoodle snail."
You open the door. You completely miss Crazy Yiuf.
Crazy Yiuf hits you with a +3 quarterstaff of chaos!
Crazy Yiuf burns you.
You hit Crazy Yiuf but do no damage.
Crazy Yiuf cries, "Hah aubergine ena!"
Crazy Yiuf barely misses you.
You hit Crazy Yiuf but do no damage.
Crazy Yiuf hits you with a +3 quarterstaff of chaos!
You resist with some effort.
Crazy Yiuf hits you with a +3 quarterstaff of chaos!
* * * LOW HITPOINT WARNING * * *
You feel your power leaking away.
You hit Crazy Yiuf.
Crazy Yiuf is lightly wounded.
Crazy Yiuf hits you with a +3 quarterstaff of chaos.
You die...

# #>.........##.# #
#.#...........#
####.##.....######
.....##.##### #######.#
# #.####### #
#.....#.### ### #
##....#.#..##...#
#......####@g...#
#.....## ###..)#
######..#### ###
....###.# ###.###.#
#.##..##############
#.#.............##.#
#.##...#........##.####
#...........###.......#


You could see Crazy Yiuf.

Vanquished Creatures
  Terence (D:2)
  An adder (D:2)
  2 dart slugs (D:1)
  2 ball pythons (D:1)
  3 bats (D:1)
  2 endoplasms (D:2)
  2 goblins
  7 hobgoblins
  4 jackals (D:2)
  2 kobolds (D:1)
  4 quokkas
  A frilled lizard (D:2)
  2 rats (D:1)
33 creatures vanquished.

Notes
Turn   | Place    | Note
-------+----------+-------------------------------------------
     0 | D:1      | Sabo the Demonspawn Monk began the quest for the Orb.
     0 | D:1      | Reached XP level 1. HP: 18/18 MP: 1/1
     3 | D:1      | Noticed an electric eel
     4 | D:1      | Noticed an electric eel
   228 | D:1      | Gained mutation: You have a pair of small antennae on your
                  | head. [demonic ancestry]
   228 | D:1      | Reached XP level 2. HP: 24/24 MP: 2/2
   448 | D:1      | Found Monleen's Assorted Antiques.
   563 | D:1      | Noticed an eye of devastation
   566 | D:1      | Found a faded altar of an unknown god.
   569 | D:1      | Noticed a floating eye
   570 | D:1      | Noticed an eye of devastation
   570 | D:1      | Noticed a floating eye
  1580 | D:2      | Reached XP level 3. HP: 29/29 MP: 3/3
  1767 | D:2      | Found a runed translucent door.
  2092 | D:2      | Noticed Terence
  2106 | D:2      | Killed Terence
  2147 | D:2      | Reached XP level 4. HP: 36/37 MP: 4/4
  2360 | D:2      | Noticed Crazy Yiuf
  2367 | D:2      | Slain by Crazy Yiuf

Illustrated notes

Levels and vault maps discovered:
D:1:      arrival_aquarium_b, layout_basic, serial_shops, shop,
          hellmonk_ecumenical_altar_watching_god
D:2:      layout_loops_corners, uniq_crazy_yiuf_cottage, uniq_terence

Skill      XL: |  1  2 |
---------------+-------+-----
Axes           | 3 |  3.6
Dodging        | 3 |  3.1
Fighting       | |  3.6
Armour         | |  0.4

Action                     |  1- 3 |  4- 6 || total
---------------------------+-------+-------++-------
  Melee: Hand axe          |    50 |       ||    50
         War axe           |    52 |     4 ||    56
 Armour: Robe              |     3 |       ||     3
         Chain mail        |    47 |       ||    47
  Dodge: Dodged            |    35 |     1 ||    36
